 Dungeon Crawl Stone Soup version 0.26-a0-739-gf55cbd344a (webtiles) character file.

Game seed: 12371013752258717836

37 jiml777 the Magician (level 3, 0/19 HPs)
             Began as a Deep Elf Air Elementalist on Nov 5, 2020.
             Slain by an adder (1 damage)
             ... on level 2 of the Dungeon.
             The game lasted 00:06:37 (989 turns).

jiml777 the Magician (Deep Elf Air Elementalist)     Turns: 989, Time: 00:06:37

Health: 0/19       AC:  2    Str:  5    XL:     3   Next: 21%
Magic:  0/10       EV: 13    Int: 20    God:
Gold:   125        SH:  0    Dex: 15    Spells: 8/9 levels left

rFire    . . .     SeeInvis .   e - +0 spear
rCold    . . .     Faith    .   (no shield)
rNeg     . . .     Spirit   +   a - +0 robe
rPois    .         Reflect  .   (no helmet)
rElec    .         Harm     .   (no cloak)
rCorr    .         Rampage  .   (no gloves)
MR       .....                  (no boots)
Stlth    ++........             d - amulet of guardian spirit
HPRegen  0.06/turn              (no ring)
MPRegen  0.12/turn              (no ring)

@: lethally poisoned (0 -> -4)
A: no striking features
a: no special abilities


You were on level 2 of the Dungeon.
You visited 1 branch of the dungeon, and saw 2 of its levels.

You collected 125 gold pieces.

Inventory:

Hand Weapons
 e - a +0 spear (weapon)
Missiles
 c - 39 sling bullets
 h - 51 arrows
Armour
 a - a +0 robe (worn)
Jewellery
 d - an amulet of guardian spirit (around neck)
Scrolls
 b - a scroll of enchant armour {unknown}
 f - 2 scrolls of identify {unknown}
 g - 2 scrolls of magic mapping {unknown}
Potions
 i - a potion of haste {unknown}


   Skills:
 + Level 2.6 Dodging
 + Level 2.8 Stealth
 + Level 3.8 Spellcasting
 + Level 1.3 Conjurations
 + Level 3.6 Air Magic


You had 8 spell levels left.
You knew the following spells:

 Your Spells              Type           Power        Failure   Level
a - Shock                 Conj/Air       ##..         4%          1

Your spell library contained the following spells:

 Spells                   Type           Power        Failure   Level
 Swiftness                Air            ###.....     4%          2
 Static Discharge         Conj/Air       ##......     14%         3
 Airstrike                Air            ###.......   30%         4
 Lightning Bolt           Conj/Air       ##........   78%         5


Dungeon Overview and Level Annotations

Branches:
Dungeon (2/15)

Altars:
Elyvilon


Message History

Confirm with . or Enter, or press ? or * to list all spells.
Aiming: Shock (safe; 4% risk of failure)
Press: ? - help, Shift-Dir - straight line The zap hits the giant cockroach but does no damage.
The giant cockroach is almost dead.
The zap hits the giant cockroach.
You kill the giant cockroach!
The adder closely misses you. The worm bites you.
You feel sick.
The kobold throws a stone.
The stone hits you.
* * * LOW HITPOINT WARNING * * *
The adder bites you.
* * * LOW HITPOINT WARNING * * *
Things that are here:
2 stones; a giant cockroach corpse; an adder corpse The dart slug misses you.
* * * LOW HITPOINT WARNING * * *
You feel sick. The dart slug bites you.
* * * LOW HITPOINT WARNING * * *
The adder bites you.
You die...

##.....♣♣ ♣♣.....♣♣ ♣♣.
##..)....♣♣♣.......♣♣♣..
##...≈≈≈...♣...≈≈≈...♣...
....≈≈≈≈≈.....≈≈≈≈≈.....≈
....≈≈♣≈≈.†...≈≈_≈≈.....≈
#..≈≈≈≈≈.....≈≈≈≈≈.....≈
#...≈≈≈...♣...≈≈≈...♣...
#........♣♣♣....)..♣♣♣..
.#.#....@♣♣ ♣♣.....♣♣ ♣♣.
......wS♣♣ ♣♣♣.♣♣♣ ♣♣
.#.#.##.# ♣♣♣ # # #.##K##
# #...wK# ####......#
##.####.# #.# ...


You could see a worm, an adder, a dart slug and a kobold.

Vanquished Creatures
  An adder (D:2)
  An ooze (D:1)
  A dart slug (D:1)
  2 leopard geckos (D:1)
  2 ball pythons (D:1)
  A giant cockroach (D:2)
  2 goblins (D:1)
  2 hobgoblins (D:1)
  A quokka (D:2)
  A bat (D:2)
  A frilled lizard (D:1)
  3 kobolds
  4 rats (D:1)
22 creatures vanquished.

Notes
Turn   | Place    | Note
-------+----------+-------------------------------------------
     0 | D:1      | jiml777 the Deep Elf Air Elementalist began the quest for
                  | the Orb.
     0 | D:1      | Reached XP level 1. HP: 10/10 MP: 6/6
   100 | D:1      | Reached XP level 2. HP: 15/15 MP: 6/8
   927 | D:2      | Found a white marble altar of Elyvilon.
   983 | D:2      | Reached XP level 3. HP: 14/19 MP: 3/10
   989 | D:2      | Slain by an adder

Illustrated notes

Levels and vault maps discovered:
D:1:      co_arrival_random_square_maze, layout_basic, corner_web_ring
D:2:      layout_loops_ring, lemuel_crystal_altar, lemuel_blue_sif_altar,
          elyvilon_altar_3

Action                   || total
-------------------------++-------
 Cast: Shock             ||    37
Armor: Robe              ||     2
Dodge: Dodged            ||    10

Table legend: (Time is in decaauts)
 A = Elapsed time spent in this place.
 B = Non-inter-level travel time spent in this place.
 C = Inter-level travel time spent in this place.
 D = Time resting spent in this place.
 E = Time spent auto-exploring this place.
 F = Levels seen in this place.
 G = Mean time per level.
                   A        B        C        D        E       F      G
               +--------+--------+--------+--------+--------+-----+--------+
         Total |    988 |    969 |     19 |    280 |    446 |   2 |  494.0 |
       Dungeon |    988 |    969 |     19 |    280 |    446 |   2 |  494.0 |
               +--------+--------+--------+--------+--------+-----+--------+

Top non-repeatable levels by time:
     D:1: 912 daAuts
     D:2: 75 daAuts
